AoeStats
← ColdFront

Arabia

505956706Analyzed
1v1 RM · 21d ago on Sep 11, 2026· 17m 21s· 2 players
Game mode
Random Map
Map size
Tiny (2 player)
Population
200
Speed
Normal
Resources
Standard
Victory
Conquest
Starting age
Dark Age
Ending age
Imperial Age
RankedLock teamsTeams togetherTeam positionsShared explorationLock speedFull tech treeHidden civsTurbo modeCheats
Victory
Defeat
🇮🇳 Mongols · India
951
+16
🇲🇽 Burgundians · Mexico
952
-46
ColdFront
6:28 Loom
9:30 Feudal Age
13:24 Double-Bit Axe
15:24 Horse Collar
paolocoronamatus
2:04 Wheelbarrow
6:01 Wheelbarrow
13:00 Loom
15:23 Feudal Age
15:43 Man-at-Arms
Connection lost

Rejoining the realm…

Still unreachable

The connection could not be restored.

Session expired

The server has moved on; the page needs a fresh start.